 Dungeon Sprint DCSS version 0.20.0 (webtiles) character file.

54735 shmeve the Slayer (level 14, -8/158 HPs)
             Began as a Minotaur Berserker on May 26, 2017.
             Was the Champion of Trog.
             Shot with an arrow by a deep elf archer (14 damage)
             ... in the Dungeon (Sprint IX: "|||||||||||||||||||||||||||||").
             The game lasted 00:14:28 (4504 turns).

shmeve the Slayer (Minotaur Berserker)              Turns: 4504, Time: 00:14:29

Health: -8/158     AC: 25    Str: 33    XL:     14   Next: 35%
Magic:  13/13      EV: 16    Int:  4    God:    Trog [******]
Gold:   1850       SH:  0    Dex: 10    Spells: 13/13 levels left

rFire    . . .     SeeInvis .   B - +6 triple sword of Quogh {elec, rN+ Str+3 Stlth+}
rCold    . . .     Gourm    .   (shield currently unavailable)
rNeg     + + .     Faith    .   p - +0 plate armour
rPois    .         Spirit   .   (helmet restricted)
rElec    +         Reflect  .   z - +1 cloak
rCorr    .         Harm     .   o - +0 pair of gloves
MR       +....     NoTele   +   E - +1 pair of boots
Stlth    ..........             (no amulet)
Regen    0.4/turn               u - ring "Gur Timo" {Wiz rElec rN+ Slay+2}
MPRegen  0.2/turn               r - +3 ring of strength

@: marked, berserk cooldown, slowed, very slow
A: retaliatory headbutt, horns 2
a: Berserk, Trog's Hand, Brothers in Arms, Burn Spellbooks, Renounce Religion


You were in the Dungeon.
You worshipped Trog.
Trog was exalted by your worship.
You were very hungry.

You visited 1 branch You collected 1850 gold pieces.

Inventory:

Hand Weapons
 B - the +6 triple sword of Quogh (weapon) {elec, rN+ Str+3 Stlth+}
   (Trog gifted it to you in the Dungeon)

   Occasionally, upon striking a foe, it will discharge some electrical energy
   and cause terrible harm.
   It affects your strength (+3).
   It protects you from negative energy.
   It makes you more stealthy.
Armour
 o - a +0 pair of gloves (worn)
 p - a +0 plate armour (worn)
 z - a +1 cloak (worn)
 E - a +1 pair of boots (worn)
Jewellery
 r - a +3 ring of strength (right hand)
 u - the ring "Gur Timo" (left hand) {Wiz rElec rN+ Slay+2}
   (You found it in the Dungeon)

   [ring of wizardry]

   It improves your spell success rate.
   It affects your accuracy and damage with ranged weapons and melee attacks
   (+2).
   It insulates you from electricity.
   It protects you from negative energy.
 y - an uncursed ring of stealth
 C - an uncursed ring of protection from magic
 D - an uncursed ring of fire
Wands
 m - a wand of lightning (7/15)
Scrolls
 a - 2 scrolls of enchant weapon
 i - 2 scrolls of blinking
 l - 4 scrolls of remove curse
 q - a scroll of magic mapping
 v - 4 scrolls of identify
 w - 2 scrolls of fog
 x - a scroll of fear
 F - a scroll of recharging
Potions
 b - a potion of agility
 d - 6 potions of curing
 e - 2 potions of heal wounds
 f - 2 potions of haste
 g - 4 potions of magic
 h - 2 potions of berserk rage
 k - a potion of invisibility
 s - 2 potions of brilliance
 t - 2 potions of might
Comestibles
 c - 15 bread rations
 j - 27 fruits
 n - 12 meat rations


   Skills:
 * Level 23.7 Fighting
 * Level 23.7 Long Blades
 + Level 15.3 Throwing
 + Level 17.9 Armour
 + Level 16.6 Dodging


You had 13 spell levels left.
You didn't know any spells.

Dungeon Overview and Level Annotations

Branches:
Dungeon (1/1)

Altars:
Cheibriados
Dithmenos
Elyvilon
Fedhas
Gozag
Hepliaklqana
Kikubaaqudgha
Makhleb
Nemelex Xobeh
Okawaru
Qazlal
Ru
Sif Muna
Trog
Uskayaw
Vehumet
Xom
Yredelemnul
Zin
The Shining One
Beogh
Jiyva
Lugonu

Shops:
D ((%(


Innate Abilities, Weirdness & Mutations

You reflexively headbutt those who attack you in melee.
You have a pair of horns on your head.


Message History

The fire dragon breathes flames at your stone giant.
The blast of flame hits your stone giant.
Your stone giant dies!
Your stone giant's corpse disappears in a puff of smoke!
The blast of flame hits you!
* * * LOW HITPOINT WARNING * * *
The deep elf archer shoots an arrow.
The arrow completely misses you.
The arrow hits the fire dragon!
The deep elf archer shoots an arrow.
The arrow completely misses you.
The arrow misses the fire dragon.
A deep elf mage comes into view. It is wielding an enchanted dagger.
The deep elf archer gestures at you while chanting.
You resist with some effort.
A yaktaur comes into view.
Unknown command.
The deep elf archer shoots an arrow.
The arrow closely misses you.
The arrow hits the fire dragon!
The fire dragon bites you!
* * * LOW HITPOINT WARNING * * *
The fire dragon closely misses you. x2; The deep elf archer shoots an arrow.
The arrow hits you!
You die...

▓▓▓▓▓▓▓▓▓▓▓▓▓▓▓▓▓▓▓▓▓▓▓▓▓▓▓
....ce)yHD@))e......().(...
▓▓▓▓▓▓▓▓▓▓▓▓▓▓▓▓▓▓▓▓▓▓▓▓▓▓▓▓▓▓▓▓▓
................)..†.........)...
▓▓▓▓▓▓▓▓▓▓▓▓▓▓▓▓▓▓▓▓▓▓▓▓▓▓▓▓▓▓▓♣♣
'......)(†(((..(((..((.((())))'..
▓▓▓▓▓▓▓▓▓▓▓▓▓▓▓▓▓▓▓▓▓▓▓▓▓▓▓▓▓▓▓♣♣
.................................
▓▓▓▓▓▓▓▓▓▓▓▓▓▓▓▓▓▓▓▓▓▓▓▓▓▓▓▓▓▓▓▓▓
......).[(()†)).....!...[[[[[[[..


You could see a fire dragon, a sphinx, a deep elf archer, a yaktaur, a deep elf
mage and a hornet.

Vanquished Creatures
  Kirke (D)
  A shadow dragon (D)
  A frost giant (D)
  An emperor scorpion (D)
  Aizul (D)
  An ironheart preserver (D)
  2 stone giants (D)
  A spark wasp (D)
  A merfolk javelineer (D)
  3 ettins (D)
  A merfolk impaler (D)
  2 ice dragons (D)
  3 yaktaur captains (D)
  2 great orbs of eyes (D)
  A ghost crab (D)
  A hydra (D)
  2 naga warriors (D)
  A spriggan air mage (D)
  An anaconda (D)
  3 centaur warriors (D)
  A satyr (D)
  A merfolk aquamancer (D)
  A fire crab (D)
  2 skeletal warriors (D)
  Nergalle (D)
  A glowing orange brain (D)
  A naga ritualist (D)
  A sea snake (D)
  11 orc knights (D)
  3 wolf spiders (D)
  A mana viper (D)
  An orb spider (D)
  A manticore (D)
  An orb spider (shapeshifter) (D)
  2 ugly things (D)
  A cyclops (D)
  A deep elf mage (D)
  3 black mambas (D)
  Joseph (D)
  A naga mage (D)
  A vault sentinel (D)
  5 spiny frogs (D)
  A gargoyle (D)
  Psyche (D)
  2 komodo dragons (D)
  A water nymph (D)
  A merfolk (D)
  2 tengu conjurers (D)
  A meliai (D)
  A jumping spider (D)
  2 trolls (D)
  3 tyrant leeches (D)
  A slime creature (D)
  A bog body (D)
  A blink frog (D)
  2 hippogriffs (D)
  A snapping turtle (D)
  2 tarantellas (D)
  2 redbacks (D)
  A wraith (D)
  2 yaks (D)
  A spriggan (D)
  2 hogs (D)
  5 vampire mosquitoes (D)
  A naga (D)
  A water moccasin (D)
  2 porcupines (D)
  A swamp drake (D)
  15 orc warriors (D)
  2 eyes of draining (D)
  4 crocodiles (D)
  4 bullfrogs (D)
  A killer bee (D)
  4 orc priests (D)
  5 orc wizards (D)
  2 adders (D)
  An ooze (D)
  An adder skeleton (D)
  8 orcs (D)
  A bat skeleton (D)
  A giant cockroach (D)
  2 kobolds (D)
  A quokka (D)
  A ball python zombie (D)
  A bat (D)
  A frilled lizard (D)
168 creatures vanquished.

Vanquished Creatures (collateral kills)
  A stone giant (D)
  An ironheart preserver (D)
  A fire dragon (D)
  An ogre mage (D)
  A deep troll shaman (D)
  A necromancer (D)
  An ugly thing (D)
  A yak (shapeshifter) (D)
8 creatures vanquished.

Vanquished Creatures (others)
  A hornet (D)
  A slime creature (D)
  2 humans (D)
4 creatures vanquished.

Grand Total: 180 creatures vanquished

Notes
Turn   | Place    | Note
-------+----------+-------------------------------------------
     0 | D        | shmeve the Minotaur Berserker began the quest for the Orb.
     0 | D        | Reached XP level 1. HP: 19/19 MP: 0/0
    13 | D        | Reached ** piety under Trog
    14 | D        | Reached skill level 1 in Throwing
    14 | D        | Reached XP level 2. HP: 14/28 MP: 1/1
   206 | D        | Reached *** piety under Trog
   206 | D        | Reached skill level 5 in Fighting
   206 | D        | Reached skill level 5 in Long Blades
   218 | D        | Reached XP level 3. HP: 26/36 MP: 2/2
   332 | D        | Found a roughly hewn altar of Beogh.
   332 | D        | Found a snail-covered altar of Cheibriados.
   332 | D        | Found a shadowy altar of Dithmenos.
   332 | D        | Found a white marble altar of Elyvilon.
   332 | D        | Found a blossoming altar of Fedhas.
   332 | D        | Found an opulent altar of Gozag.
   333 | D        | Found a hazy altar of Hepliaklqana.
   334 | D        | Found a viscous altar of Jiyva.
   335 | D        | Found an ancient bone altar of Kikubaaqudgha.
   336 | D        | Found a corrupted altar of Lugonu.
   337 | D        | Found a burning altar of Makhleb.
   338 | D        | Found a sparkling altar of Nemelex Xobeh.
   339 | D        | Found an iron altar of Okawaru.
   340 | D        | Found a stormy altar of Qazlal.
   341 | D        | Found a sacrificial altar of Ru.
   342 | D        | Found a deep blue altar of Sif Muna.
   343 | D        | Found a bloodstained altar of Trog.
   344 | D        | Found a hide-covered altar of Uskayaw.
   345 | D        | Found a radiant altar of Vehumet.
   347 | D        | Found a shimmering altar of Xom.
   348 | D        | Found a basalt altar of Yredelemnul.
   349 | D        | Found a glowing silver altar of Zin.
   350 | D        | Found a glowing golden altar of the Shining One.
   403 | D        | Noticed a killer bee
   403 | D        | Noticed a troll
   403 | D        | Noticed a yak
   403 | D        | Noticed an orc warrior
   403 | D        | Noticed a bullfrog
   406 | D        | Killed a bullfrog
   406 | D        | Reached **** piety under Trog
   406 | D        | Reached XP level 4. HP: 44/45 MP: 3/3
   412 | D        | Killed an orc warrior
   412 | D        | Reached skill level 5 in Armour
   412 | D        | Reached skill level 5 in Dodging
   412 | D        | Reached XP level 5. HP: 53/53 MP: 4/4
   417 | D        | Killed a yak
   417 | D        | Reached ***** piety under Trog
   417 | D        | Reached XP level 6. HP: 63/63 MP: 5/5
   422 | D        | Killed a troll
   422 | D        | Reached skill level 10 in Fighting
   422 | D        | Reached skill level 10 in Long Blades
   422 | D        | Reached skill level 5 in Throwing
   422 | D        | Reached XP level 7. HP: 49/73 MP: 6/6
   559 | D        | Noticed a troll
   559 | D        | Noticed a meliai
   559 | D        | Noticed a cyclops
   559 | D        | Noticed a centaur warrior
   559 | D        | Noticed a wraith
   563 | D        | Killed a wraith
   567 | D        | Killed a centaur warrior
   567 | D        | Reached XP level 8. HP: 83/83 MP: 7/7
   572 | D        | Killed a cyclops
   572 | D        | Received a gift from Trog
   573 | D        | Killed a meliai
   573 | D        | Reached XP level 9. HP: 93/93 MP: 8/8
   576 | D        | Killed a troll
   722 | D        | Got the ring "Gur Timo" {Wiz rElec rN+ Slay+2}
   738 | D        | Noticed a spiny frog
   738 | D        | Noticed a komodo dragon
   738 | D        | Noticed a komodo dragon
   747 | D        | Killed a komodo dragon
   747 | D        | Received a gift from Trog
   747 | D        | Reached skill level 10 in Armour
   751 | D        | Killed a komodo dragon
   757 | D        | Killed a spiny frog
   757 | D        | Received a gift from Trog
   763 | D        | Reached ****** piety under Trog
   766 | D        | Received a gift from Trog
   771 | D        | Got a crystal great sword {god gift}
   772 | D        | Identified the +8 great sword of Uziefaih {slice, Dex+3} (Trog gifted it to you in the Dungeon)
   888 | D        | Noticed a spiny frog
   889 | D        | Noticed a fire crab
   890 | D        | Reached skill level 10 in Dodging
   892 | D        | Reached XP level 10. HP: 104/104 MP: 9/9
   894 | D        | Noticed a black mamba
   897 | D        | Reached skill level 15 in Long Blades
   900 | D        | Killed a spiny frog
   900 | D        | Reached skill level 15 in Fighting
   904 | D        | Killed a fire crab
   904 | D        | Received a gift from Trog
   913 | D        | Killed a black mamba
   924 | D        | Got a shimmering great sword {god gift}
  1173 | D        | Identified the +7 great sword of Insomnia {freeze, +Inv} (Trog gifted it to you in the Dungeon)
  1185 | D        | Noticed a spiny frog
  1185 | D        | Noticed a spiny frog
  1186 | D        | Noticed a spiny frog
  1187 | D        | Killed a spiny frog
  1204 | D        | Killed a spiny frog
  1206 | D        | Reached skill level 10 in Throwing
  1209 | D        | Killed a spiny frog
  1210 | D        | Received a gift from Trog
  1519 | D        | Received a gift from Trog
  1533 | D        | Received a gift from Trog
  1584 | D        | Noticed an orc knight
  1587 | D        | Received a gift from Trog
  1594 | D        | Killed an orc knight
  1594 | D        | Received a gift from Trog
  1594 | D        | Reached XP level 11. HP: 116/116 MP: 10/10
  1597 | D        | Received a gift from Trog
  1642 | D        | Found Doysm's Weapon Boutique.
  1642 | D        | Noticed an orc knight
  1642 | D        | Noticed an orc knight
  1644 | D        | Received a gift from Trog
  1646 | D        | Received a gift from Trog
  1649 | D        | Killed an orc knight
  1650 | D        | Killed an orc knight
  1654 | D        | Found Boamn's Food Shop.
  1655 | D        | Noticed an orc knight
  1659 | D        | Found Zoigom's Weapon Boutique.
  1661 | D        | Killed an orc knight
  1664 | D        | Found Dock's Weapon Shop.
  1685 | D        | Noticed an orc knight
  1686 | D        | Noticed an orc knight
  1687 | D        | Noticed an orc knight
  1688 | D        | Noticed an orc knight
  1688 | D        | Noticed an orc knight
  1691 | D        | Killed an orc knight
  1691 | D        | Received a gift from Trog
  1696 | D        | Killed an orc knight
  1699 | D        | Killed an orc knight
  1703 | D        | Killed an orc knight
  1706 | D        | Killed an orc knight
  1717 | D        | Got a translucent triple sword {god gift}
  1718 | D        | Identified the +6 triple sword of Quogh {elec, rN+ Str+3 Stlth+} (Trog gifted it to you in the Dungeon)
  1997 | D        | Noticed Psyche
  2001 | D        | Killed Psyche
  2137 | D        | Noticed a skeletal warrior
  2143 | D        | Killed a skeletal warrior
  2143 | D        | Received a gift from Trog
  2151 | D        | Noticed a centaur warrior
  2153 | D        | Noticed an ettin
  2155 | D        | Noticed an ogre mage
  2156 | D        | Noticed a deep troll shaman
  2159 | D        | Noticed a necromancer
  2159 | D        | Killed a centaur warrior
  2159 | D        | Received a gift from Trog
  2162 | D        | Noticed a stone giant
  2163 | D        | Killed an ettin
  2163 | D        | Reached XP level 12. HP: 61/128 MP: 3/11
  2165 | D        | Killed an ogre mage
  2165 | D        | Received a gift from Trog
  2167 | D        | Killed a deep troll shaman
  2167 | D        | Received a gift from Trog
  2169 | D        | Killed a stone giant
  2169 | D        | Received a gift from Trog
  2171 | D        | Received a gift from Trog
  2333 | D        | Noticed Joseph
  2339 | D        | Killed Joseph
  2416 | D        | Noticed a ghost crab
  2419 | D        | Noticed an eight-headed hydra
  2431 | D        | Killed a ghost crab
  2431 | D        | Received a gift from Trog
  2433 | D        | Killed a nine-headed hydra
  2446 | D        | Received a gift from Trog
  2704 | D        | Noticed a naga warrior
  2705 | D        | Noticed an anaconda
  2720 | D        | Noticed a naga warrior
  2722 | D        | Killed a naga warrior
  2725 | D        | Received a gift from Trog
  2726 | D        | Killed an anaconda
  2736 | D        | Killed a naga warrior
  2736 | D        | Reached skill level 15 in Armour
  2925 | D        | Noticed an emperor scorpion
  2938 | D        | Killed an emperor scorpion
  2938 | D        | Received a gift from Trog
  3155 | D        | Noticed a merfolk javelineer
  3155 | D        | Noticed a merfolk aquamancer
  3156 | D        | Noticed a satyr
  3157 | D        | Received a gift from Trog
  3157 | D        | Reached XP level 13. HP: 125/141 MP: 12/12
  3165 | D        | Noticed a merfolk impaler
  3230 | D        | Killed a merfolk javelineer
  3237 | D        | Received a gift from Trog
  3243 | D        | Killed a merfolk impaler
  3303 | D        | Received a gift from Trog
  3644 | D        | Noticed Aizul
  3653 | D        | Killed Aizul
  3653 | D        | Received a gift from Trog
  3672 | D        | Noticed Kirke
  3674 | D        | Received a gift from Trog
  3682 | D        | Killed Kirke
  3682 | D        | Reached skill level 15 in Dodging
  3701 | D        | Noticed Nergalle
  3708 | D        | Killed Nergalle
  3854 | D        | Noticed an ettin
  3860 | D        | Killed an ettin
  3860 | D        | Received a gift from Trog
  3863 | D        | Noticed a frost giant
  3869 | D        | Received a gift from Trog
  3874 | D        | Noticed a shadow dragon
  3879 | D        | Killed a frost giant
  3882 | D        | Noticed an ettin
  3883 | D        | Noticed a stone giant
  3890 | D        | Killed a shadow dragon
  3897 | D        | Killed a stone giant
  3897 | D        | Received a gift from Trog
  3900 | D        | Killed an ettin
  3906 | D        | Got a twisted great sword {god gift}
  3907 | D        | Identified the +8 great sword "Verpha" {venom, Int+2 Stlth+} (Trog gifted it to you in the Dungeon)
  4221 | D        | Noticed a spark wasp
  4222 | D        | Noticed a stone giant
  4232 | D        | Killed a spark wasp
  4232 | D        | Reached XP level 14. HP: 126/155 MP: 13/13
  4241 | D        | Killed a stone giant
  4241 | D        | Received a gift from Trog
  4448 | D        | Noticed an ironheart preserver
  4450 | D        | Killed an ironheart preserver
  4457 | D        | Received a gift from Trog
  4460 | D        | Reached skill level 15 in Throwing
  4478 | D        | Noticed an ironheart preserver
  4478 | D        | Received a gift from Trog
  4484 | D        | Noticed a sphinx
  4497 | D        | Killed an ironheart preserver
  4497 | D        | Received a gift from Trog
  4504 | D        | HP: 6/158 [fire dragon (13)]
  4504 | D        | Shot with an arrow by a deep elf archer

Skill      XL: |  1  2  3  4  5  6  7  8  9 10 11 12 13 14 |
---------------+-------------------------------------------+-----
Fighting       | 4 5 6 8 9 10 12 13 14 16 18 20 22 23 | 23.7
Long Blades    | 4 5 6 8 9 10 12 13 14 16 18 20 22 23 | 23.7
Throwing       | 1 2 3 4 5 6 7 8 10 11 13 14 15 | 15.3
Armour         | 3 4 5 6 7 8 9 10 12 13 15 17 | 17.9
Dodging        | 3 4 5 6 8 10 11 12 14 15 16 | 16.6

Action                   |  1- 3 |  4- 6 |  7- 9 | 10-12 | 13-15 || total
-------------------------+-------+-------+-------+-------+-------++-------
Melee: Falchion          |    23 |       |       |       |       ||    23
       Headbutt          |     1 |       |    18 |    62 |    48 ||   129
       Scimitar          |     3 |    13 |    43 |       |       ||    59
       Great sword       |       |       |     4 |   111 |       ||   115
       Triple sword      |       |       |       |    86 |   125 ||   211
Throw: Javelin           |       |       |       |     4 |       ||     4
Invok: Berserk           |       |     1 |     2 |     8 |     4 ||    15
       Trog's Hand       |       |       |       |     3 |     2 ||     5
       Brothers in Arms  |       |       |       |     1 |     1 ||     2
  Use: Potion            |       |       |       |       |     3 ||     3
  Eat: Chunk             |       |       |     3 |    10 |     3 ||    16
       Fruit             |       |       |       |    13 |       ||    13
Armor: Animal skin       |     2 |       |       |       |       ||     2
       Plate armour      |       |     3 |    12 |    90 |    59 ||   164
Dodge: Dodged            |    22 |     8 |    15 |   109 |    84 ||   238
       Rpst.: Falchion   |     5 |       |       |       |       ||     5
       Scimitar          |     1 |     1 |     6 |       |       ||     8
       Great sword       |       |       |     1 |     7 |       ||     8
       Triple sword      |       |       |       |    15 |    10 ||    25
